[Event "Leca Open 2022"]
[Site "Leca da Palmeira"]
[Date "2022.08.02"]
[Round "5.10"]
[White "Panesar Vedant"]
[Black "Cordeiro, Joao Carlos Santos F"]
[Result "1-0"]
[ECO "D60"]
[WhiteElo "2318"]
[BlackElo "2048"]
[Annotator "TA"]
[PlyCount "59"]
[EventDate "2022.08.02"]
[EventType "swiss"]
[EventCountry "POR"]
[SourceTitle "playchess.com"]
[Source "ChessBase"]
[SourceQuality "1"]
[TimeControl "5400+30"]

1. d4 Nf6 2. Nf3 e6 3. c4 d5 4. Nc3 Be7 5. Bg5 O-O 6. e3 Nbd7 7. cxd5 exd5 8. Bd3 c6 9. Qc2 Re8 10. h3 Nf8 11. O-O g6 12. Bh6 {Recently 12.Ne5 got a lot of attention.} Ne6 {[%emt 0:20:15] D36: Queen's Gambit Declined: Exchange Variation: Main line (5 Bg5 c6 6 Qc2).} 13. Ne5 Ng7 14. g4 {[%emt 0:00:09] Inhibits Bf5.} Nd7 {[%emt 0:08:28] White is slightly better.} 15. f4 Nxe5 16. dxe5 Bf8 17. Qf2 {[%emt 0:14:24] Prevents Qh4.} Ne6 18. Bxf8 Rxf8 {[%emt 0:01:16] [#]} 19. f5 $146 ({Predecessor:} 19. Rad1 Qe7 20. e4 d4 21. Ne2 c5 22. f5 Nc7 23. Qf4 g5 24. Qh2 b6 25. h4 {1-0 (34) Stepanov,V (2263)-Bennborn,J (2189) ICCF email 2018}) 19... Nc5 20. Rad1 Nxd3 (20... gxf5 $11 {remains equal.} 21. gxf5 (21. Bxf5 Bxf5 22. Qxf5 Qh4 $11) 21... Nxd3 22. Rxd3 Qc7) 21. Rxd3 $16 {[%emt 0:00:28] Black must now prevent Ne4.} b6 22. f6 {[%emt 0:18:18] [#] Threatens to win with Qh4. White is more active.} Qe8 (22... h6 $16) 23. Qf4 $18 {[%emt 0:02:58] Threatening mate with Qh6.} Kh8 24. Re1 ({Worse is} 24. Qh6 Rg8 25. g5 Qf8 $11) (24. Rfd1 $18) 24... Bb7 (24... Rg8 $16 25. e4 Be6 26. exd5 cxd5) 25. e4 (25. Qh6 Rg8 $14) 25... Qe6 $2 (25... b5 {was worth a try.} 26. exd5 cxd5) 26. Rd4 {[%emt 0:01:23] Hoping for Qh6.} ({Less strong is} 26. Qh6 Rg8 $16) 26... Rad8 $2 (26... Rg8 27. exd5 cxd5) 27. exd5 Rxd5 28. Nxd5 {[%emt 0:00:14] White mates.} c5 29. Qh6 Rg8 {[%emt 0:00:04] [#]} 30. Ne7 $1 {[%emt 0:00:17] Weighted Error Value: White=0.16 (very precise) /Black=0.70} 1-0

[Event "Leca Open 2022"]
[Site "Leca da Palmeira"]
[Date "2022.08.02"]
[Round "5.11"]
[White "Rego, Pedro Filipe"]
[Black "Alvarez Pampillon, Antonio"]
[Result "1-0"]
[ECO "B38"]
[WhiteElo "2251"]
[BlackElo "2019"]
[Annotator "TA"]
[PlyCount "107"]
[EventDate "2022.08.02"]
[EventType "swiss"]
[EventCountry "POR"]
[SourceTitle "playchess.com"]
[Source "ChessBase"]
[SourceQuality "1"]
[TimeControl "5400+30"]

1. e4 c5 2. Nf3 g6 3. d4 cxd4 4. Nxd4 Bg7 5. c4 Nc6 6. Be3 Nf6 7. Nc3 O-O 8. Be2 d6 9. O-O Bd7 10. h3 Nxd4 11. Bxd4 Bc6 12. Qc2 {B38: Sicilian: Maroczy Bind with 5...Bg7 and 7...0-0.} a5 13. b3 Nd7 14. Bxg7 {White is slightly better.} Kxg7 15. Rfd1 Qb6 {[#]} 16. a3 $146 ({Predecessor:} 16. Nd5 Bxd5 17. exd5 f5 18. Qc3+ Ne5 19. a3 f4 20. b4 Kg8 21. c5 Qc7 22. Bg4 {1-0 (60) Valenzuela Gomez,F (2382)-Perez Mitjans,O (2412) Barcelona 2021}) 16... Nc5 17. Rab1 f5 (17... Ne6 $142) 18. exf5 $16 gxf5 19. Nd5 Bxd5 20. Rxd5 (20. cxd5 Qd8 $16) 20... Ne4 (20... e6 {is a better defense.} 21. Qc3+ e5) 21. Bd3 $18 Rac8 22. Bxe4 fxe4 23. Re1 (23. Qxe4 $6 Qxf2+ 24. Kh1 Rc7 25. Rxa5 (25. Rh5 h6 $16) 25... Qf4 $16) 23... e6 24. Rg5+ Kf6 $2 (24... Kh8 {keeps fighting.} 25. Rxe4 e5) 25. h4 h6 26. Rg4 {Dancing on a razor blade.} d5 27. Qd2 Ke5 28. Qc3+ ({Don't play} 28. Rg6 Qxb3 29. Qxh6 Kd6 30. Rxe6+ Kc7 31. Qg7+ Kb8 32. Qe5+ Ka7 33. Qxd5 Qb2 34. Qxa5+ Kb8 35. Qe5+ Qxe5 36. Rxe5 Rxc4 37. R5xe4 b5 $18) 28... Kd6 29. Qg3+ Ke7 30. Rg7+ (30. cxd5 $142 exd5 {[#]} 31. Rgxe4+ $1 (31. Qe5+ Qe6 $14) 31... dxe4 32. Qg7+ Rf7 33. Rxe4+ Qe6 34. Rxe6+ Kxe6 35. Qxh6+ Ke7 36. h5) 30... Rf7 31. Rxf7+ Kxf7 {[%mdl 4096] Endgame KQR-KQR} 32. Qf4+ Ke7 33. Qxh6 Qxb3 (33... Rf8 $142 34. Qg5+ Rf6) 34. cxd5 exd5 (34... Qxd5 35. Qg7+ Kd6) 35. Qg5+ Kd6 36. Qf4+ Kd7 37. Qf5+ Kd8 38. h5 Qd3 39. h6 {[#] aiming for h7.} Qd2 40. Re3 {Black must now prevent Qf6+.} Rc1+ 41. Kh2 {h7 would kill now.} Qd1 42. h7 {White mates.} Qh1+ 43. Kg3 Rg1 44. Qxd5+ Kc7 45. Rc3+ Kb8 46. Qe5+ Ka7 47. Qxa5+ Kb8 48. Qd8+ Ka7 49. Qd4+ Ka6 50. Qa4+ Kb6 51. Rb3+ Kc7 52. Qa5+ Kb8 53. Qd8+ Ka7 54. Qd4+ {White took control after the opening.  Weighted Error Value: White=0.13 (very precise) /Black=0.41} 1-0

[Event "Leca Open 2022"]
[Site "Leca da Palmeira"]
[Date "2022.08.02"]
[Round "5.12"]
[White "Balaji, Aaravamudhan"]
[Black "Marques, Ricardo Taborda Trig"]
[Result "1-0"]
[ECO "A07"]
[WhiteElo "2228"]
[BlackElo "1991"]
[Annotator "TA"]
[PlyCount "120"]
[EventDate "2022.08.02"]
[EventType "swiss"]
[EventCountry "POR"]
[SourceTitle "playchess.com"]
[Source "ChessBase"]
[SourceQuality "1"]
[TimeControl "5400+30"]

1. d3 d5 2. b3 c6 3. Bb2 Nf6 4. Nf3 Bg4 5. Nbd2 e6 6. g3 Bd6 7. Bg2 Nbd7 8. h3 Bxf3 9. Nxf3 O-O 10. O-O Qe7 {[%emt 0:00:40] A07: Réti Opening: New York and Capablanca Systems.} 11. c4 Rfe8 12. Qc2 Ba3 {[%emt 0:00:33] The position is equal.} 13. Bxa3 Qxa3 14. e4 (14. Rab1 {deserves consideration.}) 14... dxe4 $11 15. dxe4 e5 {[%emt 0:00:09] [#]} 16. Nh4 $146 ({Predecessor:} 16. Nd2 Nf8 17. Rad1 Ne6 18. Nb1 Qe7 19. Qb2 Nc5 20. Qe2 Rad8 21. Qe3 b6 22. Nc3 {½-½ (33) Tarkacs,G-Pfeiffer DDR 1984}) 16... g6 17. Kh2 Qe7 18. Qd2 Nc5 19. Rae1 Rad8 20. Qh6 Rd4 21. Re3 a5 (21... Nfxe4 $6 22. Nf3 f5 23. Nxd4 exd4 24. Re2 $11) 22. f4 (22. Rfe1 $17 {is a better defense.}) 22... exf4 (22... Ncxe4 23. Nf3 exf4 24. gxf4 $11) 23. Rxf4 Ne6 $2 {[%emt 0:01:20] Pair of Knights!} (23... Ncxe4 24. Nf3 Qd8 25. Nxd4 Qxd4 26. Rexe4 $1 Rxe4 27. Rxf6 $16) ({Better is} 23... Nfxe4 $17 {And now ...Rd2 would win.} 24. Bxe4 Rxe4 25. Rfxe4 Nxe4) 24. Nf5 gxf5 (24... Qd7 $11) 25. exf5 $14 {[%emt 0:00:09][%mdl 64] Discovered Attack} Rxf4 26. gxf4 Kh8 27. fxe6 fxe6 28. Qg5 $1 Rg8 29. Qxa5 (29. Qh6 $2 Rg6 30. Qh4 {[#]} Ng4+ $1 31. Qxg4 Rxg4 32. hxg4 Qh4+ 33. Rh3 Qxg4 $19) 29... Qg7 30. Qd2 {[%emt 0:00:11] Active counter play!} (30. Qg5 $1 $16) 30... Nh5 31. Re4 Ng3 (31... e5 32. fxe5 Qg3+ 33. Kg1 $16 (33. Kh1 Qg7 $16)) 32. Re1 {[%emt 0:00:52] Prevents Nf1+.} Nh5 $1 $132 {[%emt 0:02:16][%cal Oh5f4][%mdl 2048] Black has counterplay} 33. Re4 Ng3 (33... e5 34. fxe5 Qg3+ 35. Kg1 $16 (35. Kh1 Qg7 $16)) 34. Re1 {[%emt 0:00:02] Against Nf1+} Nh5 $1 {[%emt 0:01:54][%cal Oh5f4] Strongly threatening ...Nxf4!} 35. Rf1 Ng3 (35... e5 36. fxe5 Qg3+ 37. Kh1 $14) 36. Rf3 Nh5 (36... Nf5 $11) 37. Kg1 (37. b4 $1 $14) 37... Qa1+ (37... e5 38. fxe5 Qxe5 39. Re3 $16) 38. Rf1 Qg7 39. Rf2 Qa1+ 40. Kh2 Qg7 41. Qe3 Qg6 (41... Rf8 $16) 42. Rd2 (42. a4 $18) 42... Nf6 (42... Rf8 $16) 43. Qc3 h5 44. Re2 Rg7 45. Qf3 Kh7 46. Re5 Qh6 (46... Kg8 $16 47. Rg5 (47. Rxe6 Ng4+ 48. Qxg4 hxg4 $11) 47... Qf7) 47. Qd3+ ({And not} 47. Rxe6 Ng4+ 48. hxg4 Qxe6 $11) ({White should try} 47. Qe3 $18) 47... Rg6 $2 (47... Kg8 $16 {might work better.} 48. Qe3 (48. Rxe6 Ng4+ 49. hxg4 Qxe6 $11) 48... h4) 48. Rg5 $18 (48. Rxe6 Qxf4+ 49. Kh1 Kh6 $16) 48... Kg7 49. Qe3 (49. h4 $142) 49... Kf7 50. Qe5 Ne8 (50... Ke7 51. Qa5 h4 52. Qb4+ Ke8) 51. Rxh5 Qf8 (51... Qg7 $142 52. Bf3 Qxe5 53. fxe5 Ng7) 52. Be4 (52. f5 exf5 53. Rxf5+ Rf6 $18) 52... Rg7 53. f5 ({Weaker is} 53. Rh6 Qd6 54. Bf3 Qxe5 55. fxe5 Rg5 56. Bh5+ Kf8 57. Bxe8 Kxe8 58. Rxe6+ Kf7 $18) 53... Qd6 54. fxe6+ Ke7 {[%emt 0:00:09] ( -> ...Qd2+)} 55. Qxd6+ Nxd6 {[%emt 0:00:05] KRB-KRN} 56. Bf3 Kxe6 57. Bg4+ Ke7 58. Re5+ Kf7 59. a4 {[%emt 0:00:13] c5 is the strong threat.} Kf8 60. Bh5 {[%emt 0:00:17] aiming for c5.} Rd7 {[%emt 0:00:27] Quite a comeback for White.  Weighted Error Value: White=0.22 (precise) /Black=0.27 (precise)} (60... b6 $142 61. c5 bxc5 62. Rxc5 Rc7) 1-0

[Event "Leca Open 2022"]
[Site "Leca da Palmeira"]
[Date "2022.08.02"]
[Round "5.13"]
[White "Mahitosh Dey"]
[Black "Bhagat, Kush"]
[Result "1/2-1/2"]
[ECO "A48"]
[WhiteElo "2212"]
[BlackElo "1813"]
[Annotator "TA"]
[PlyCount "71"]
[EventDate "2022.08.02"]
[EventType "swiss"]
[EventCountry "POR"]
[SourceTitle "playchess.com"]
[Source "ChessBase"]
[SourceQuality "1"]
[TimeControl "5400+30"]

1. d4 Nf6 2. Nf3 g6 3. Bf4 Bg7 4. c3 O-O 5. Nbd2 d6 6. e4 Nbd7 7. Qc2 {A48: 1 d4 Nf6 2 Nf3 g6: Torre, London and Colle Systems.} b6 8. Bc4 Bb7 9. O-O {[%emt 0:01:02] [#]} e5 $146 ({Predecessor:} 9... c5 10. d5 a6 11. a4 Ng4 12. h3 Nge5 13. Nxe5 Nxe5 14. Bxe5 dxe5 15. Rad1 Qc7 {½-½ (29) Gregor,J (1747)-Hrabal,M (2091) Czech Republic 2016}) 10. dxe5 dxe5 11. Bg5 a5 12. a4 Qe7 13. Rfe1 h6 14. Bh4 Kh8 (14... Nc5 {is interesting.} 15. h3 Rfd8 16. b4 Na6) 15. h3 Bc6 16. Nh2 Nc5 17. Ng4 g5 (17... h5 $5 18. Bxf6 Bxf6 $11) 18. Nxf6 Qxf6 19. Bg3 Qg6 20. f3 (20. b4 $5 Ne6 21. Bb3 $11) 20... h5 21. b4 Ne6 22. b5 (22. Bxe6 $5 Qxe6 23. b5 $11) 22... Bb7 (22... Bd7 $11 {feels stronger.}) 23. Bxe6 $14 Qxe6 24. Qa2 Qxa2 25. Rxa2 Bc8 26. c4 Be6 27. Rc2 Rfd8 28. c5 bxc5 29. Nc4 f6 30. Rec1 Bf8 31. Be1 Bxc4 32. Rxc4 c6 (32... Rdc8 $11) 33. bxc6 Rdc8 34. Rb1 {[%emt 0:00:03] White is more active.} (34. Rxc5 $16 Bxc5+ 35. Rxc5) 34... Rxc6 $11 35. Rb5 Kg8 36. Bxa5 {Weighted Error Value: White=0.11 (very precise) /Black=0.10 (very precise)} 1/2-1/2

[Event "Leca Open 2022"]
[Site "Leca da Palmeira"]
[Date "2022.08.02"]
[Round "5.14"]
[White "Verma, Aditya"]
[Black "Garcia Dorado, Alberto"]
[Result "1/2-1/2"]
[ECO "B33"]
[WhiteElo "2114"]
[BlackElo "2206"]
[Annotator "TA"]
[PlyCount "62"]
[EventDate "2022.08.02"]
[EventType "swiss"]
[EventCountry "POR"]
[SourceTitle "playchess.com"]
[Source "ChessBase"]
[SourceQuality "1"]
[TimeControl "5400+30"]

1. e4 c5 2. Nf3 Nc6 3. d4 cxd4 4. Nxd4 Nf6 5. g3 d6 6. Nc3 g6 7. Bg2 Nxd4 8. Qxd4 Bg7 9. O-O O-O 10. Qd1 Bg4 {[%emt 0:00:25] B70: Sicilian Dragon: 6 g3 and 6 Be2 (without a later Be3).} 11. Qd3 Rc8 {[%emt 0:03:08] [#]} 12. Re1 $146 ({Predecessor:} 12. Bg5 Qa5 13. Bd2 Qc7 14. Rfe1 Rfd8 15. Rac1 a6 16. b3 b5 17. a4 b4 18. Nd1 {½-½ (34) Abdusattorov,N (2627)-Shevchenko,K (2592) Chess.com INT 2020}) 12... Qc7 {[%emt 0:02:18] The position is equal.} 13. h3 Bd7 14. Be3 a6 15. Rac1 b5 16. Bd4 e5 {[%emt 0:11:16] [#] Strongly threatening ...b4.} 17. Be3 Be6 18. a3 Rfd8 19. Qd2 Nd7 20. Bg5 f6 (20... Bf6 $11) 21. Nd5 $14 Bxd5 22. Qxd5+ Kh8 23. Be3 Nb6 $1 24. Bxb6 Qxb6 25. c4 Rc5 26. Qe6 Qc7 27. Bf1 Rc6 {[%emt 0:01:12] [#]} (27... f5 $1 $11 {keeps the balance.}) 28. Qd5 (28. Rc3 $1 $16) 28... Bh6 (28... Rc5 $11 29. Qe6 f5) 29. Rc2 Rc8 {[%cal Rb5c4] White is slightly better.} 30. b3 Kg7 31. Rd1 Qd8 {Weighted Error Value: White=0.12 (very precise) /Black=0.16 (very precise)} 1/2-1/2

[Event "Leca Open 2022"]
[Site "Leca da Palmeira"]
[Date "2022.08.02"]
[Round "5.15"]
[White "Rodriguez Lopez, Rafael"]
[Black "Areal, Maria  Beatriz"]
[Result "1-0"]
[ECO "B31"]
[WhiteElo "2172"]
[BlackElo "1479"]
[Annotator "TA"]
[PlyCount "45"]
[EventDate "2022.08.02"]
[EventType "swiss"]
[EventCountry "POR"]
[SourceTitle "playchess.com"]
[Source "ChessBase"]
[SourceQuality "1"]
[TimeControl "5400+30"]

1. e4 c5 2. Nf3 Nc6 3. Bb5 g6 4. Bxc6 dxc6 5. d3 Bg7 6. h3 Nf6 7. Nc3 O-O 8. Be3 b6 9. Qd2 Re8 10. Bh6 Bh8 {[%emt 0:00:42] B31: Sicilian: 2...Nc6 3 Bb5 g6.} 11. O-O (11. e5 $5 ) 11... Ba6 {[%emt 0:09:07] [#]} 12. a4 $146 ({Predecessor:} 12. Rad1 e5 13. b3 Qc7 14. Nh2 Nh5 15. Ne2 Rad8 16. Qe3 Bc8 17. g4 Ng7 18. f4 exf4 19. Bxf4 {½-½ (78) Bologan,V (2686)-Malec,S (2210) Warsaw 2010}) 12... Qc8 {[%emt 0:04:48] White is slightly better.} 13. b3 (13. e5 $5 Nd5 14. Rfe1 $16) 13... Rd8 (13... Qc7 $14) 14. e5 $16 Nd5 15. Ne4 Qc7 16. Rae1 $36 {[%emt 0:01:15][%mdl 2048] Black is under strong pressure. 0x0.00144c1faa9adp-1022s more active pieces.} Nb4 (16... Bxe5 $2 17. Nxe5 (17. Nxc5 Bc3 $14) 17... f6 18. Nc4 $18) 17. Neg5 Bg7 $2 {[%emt 0:13:07][%mdl 8192] [#]} (17... Qc8 $16) 18. Qf4 $1 $18 {[%emt 0:02:50] White is clearly winning.} Rf8 (18... Bf6 $142 19. Nxf7 Re8) (18... e6 19. Qh4) 19. Qh4 f6 20. Bxg7 fxg5 {[%emt 0:01:16] [#]} 21. Nxg5 $1 h5 22. Bxf8 Rxf8 23. Ne6 {[%emt 0:00:05][%csl LRc7,LRf8] White took control after the opening.  Weighted Error Value: White=0.08 (flawless) /Black=0.80} 1-0

[Event "Leca Open 2022"]
[Site "Leca da Palmeira"]
[Date "2022.08.03"]
[Round "6.1"]
[White "Martinez Duany, Lelys Stanley"]
[Black "Abdisalimov, Abdimalik"]
[Result "1/2-1/2"]
[ECO "D37"]
[WhiteElo "2497"]
[BlackElo "2437"]
[Annotator "TA"]
[PlyCount "60"]
[EventDate "2022.08.02"]
[EventType "swiss"]
[EventCountry "POR"]
[SourceTitle "playchess.com"]
[Source "ChessBase"]
[SourceQuality "1"]
[TimeControl "5400+30"]

1. Nf3 d5 2. d4 Nf6 3. c4 e6 4. Nc3 dxc4 5. e3 a6 6. a4 c5 7. Bxc4 cxd4 8. exd4 Nc6 9. O-O Be7 10. Re1 O-O 11. Bg5 {[%emt 0:00:49] 11.Bf4 is the hot move.} Nb4 12. Ne5 Nfd5 {[%emt 0:02:13] D27: Queen's Gambit Accepted: Classical main line: 7 e4!? and 7 a4.} 13. Bxe7 Nxe7 14. Qb3 a5 15. Rad1 {[%emt 0:01:10] [#]} b6 $146 ({Predecessor:} 15... Ned5 16. Bxd5 exd5 17. Nd3 Bg4 18. f3 Nxd3 19. Rxd3 Be6 20. Re5 Ra6 21. Rde3 Rb6 {½-½ (40) Eperjesi,L (2350)-Peredy,F (2230) Budapest 1995}) 16. d5 exd5 17. Nxd5 ({Don't go for} 17. Bxd5 $2 Nexd5 18. Nxf7 (18. Nxd5 $2 Be6 $19) 18... Qf6 19. Nxd5 Nxd5 20. Nh6+ (20. Qxd5 $2 Qxf7 21. Qxa8 Bb7 $19) 20... Kh8 21. Qxd5 Ra7 $19) 17... Nexd5 18. Rxd5 Nxd5 19. Bxd5 Ra7 {[%emt 0:01:20] [#] aiming for ...Re7.} 20. Nc6 {[%emt 0:00:36][%csl LRa7,LRd8] Against Re7} Qd7 {[%emt 0:02:13] ...Rc7 is the strong threat.} (20... Re8 $2 21. Re3 Rxe3 22. Qxe3 $18 (22. Nxd8 $2 Re1#)) 21. Nxa7 Qxa7 22. Qe3 Qd7 23. Qe4 (23. Bb3 $5 ) 23... Qd6 {[%emt 0:06:00] The position is equal.} 24. Bc4 Bd7 25. b3 Bc6 26. Qe5 (26. Qe3 {looks sharper.} Qb4 27. Qe7 Qd2 28. h3) 26... Qxe5 27. Rxe5 Rd8 28. f3 Kf8 {[%emt 0:00:10] Prevents Re7.} 29. Kf2 Rd2+ 30. Re2 Rxe2+ {[%emt 0:00:02] Weighted Error Value: White=0.06 (flawless) /Black=0.04 (flawless)} 1/2-1/2

[Event "Leca Open 2022"]
[Site "Leca da Palmeira"]
[Date "2022.08.03"]
[Round "6.2"]
[White "Das, Sayantan"]
[Black "Nigmatov, Ortik"]
[Result "0-1"]
[ECO "C77"]
[WhiteElo "2449"]
[BlackElo "2437"]
[Annotator "TA"]
[PlyCount "106"]
[EventDate "2022.08.02"]
[EventType "swiss"]
[EventCountry "POR"]
[SourceTitle "playchess.com"]
[Source "ChessBase"]
[SourceQuality "1"]
[TimeControl "5400+30"]

1. e4 e5 2. Nf3 Nc6 3. Bb5 a6 4. Ba4 Nf6 5. d3 d6 6. c3 Bd7 7. Bg5 {[%emt 0:01:11] C77: Ruy Lopez: 3...a6 4 Ba4 Nf6, unusual lines.} h6 8. Bh4 (8. Be3 {might be stronger.}) 8... Be7 9. Nbd2 {[%emt 0:03:33] The position is equal.} O-O 10. O-O b5 11. Bc2 {[%emt 0:02:26] [#]} Nh5 $146 ({Predecessor:} 11... b4 12. a3 a5 13. h3 bxc3 14. bxc3 Rb8 15. Nc4 Rb5 16. Ba4 Rb7 17. Bxc6 Bxc6 18. Nxa5 {0-1 (31) Viereck,A-Boettner,J freechess.de 2020}) 12. Bg3 Nxg3 13. hxg3 Bf6 14. a4 Qb8 15. Bb3 Qb6 16. Bd5 Rab8 17. axb5 axb5 18. Re1 Ne7 19. Bb3 Nc6 20. Nf1 Na5 21. Ne3 c6 {[%emt 0:00:14] Prevents Nd5.} 22. Ba2 b4 23. d4 {[%emt 0:01:06] Black must now prevent dxe5.} Rfd8 24. g4 exd4 25. cxd4 b3 26. Bb1 Qb4 27. Qe2 Be6 28. e5 dxe5 29. dxe5 Bg5 30. Bf5 Qb5 $2 (30... Bxe3 $11 {and Black is okay.} 31. Qxe3 Nc4) 31. Nxg5 $18 hxg5 32. Qf3 {[%emt 0:00:48] Hoping for Qh3.} Re8 33. Bxe6 fxe6 34. Qe4 Nb7 {[%emt 0:00:16] [#]} 35. Nc4 (35. Nf1 $1 $18 {and White stays clearly on top.}) 35... Qd5 $16 36. Qe2 Rbd8 37. Rac1 Qd3 38. Rc3 Qd4 39. Qe4 (39. Rf1 {is interesting.} Rf8 40. Rxb3 Nc5 41. Rc3) 39... Qxe4 40. Rxe4 Rd1+ 41. Kh2 Red8 (41... Nc5 $11 {remains equal.} 42. Re2 Rd3) 42. Ree3 (42. Ne3 $16 R1d2 43. Rb4) 42... R8d4 43. f3 (43. Kg3 {feels hotter.} Kh7 44. Kf3 Rf4+ 45. Ke2) 43... Kh7 (43... Nc5 $1 $11) 44. Re2 $1 $14 ({Much worse is} 44. Rxb3 Rxc4 45. Rxb7 Rc2 $11) 44... R1d3 45. Re3 (45. Rxd3 $14 Rxd3 46. Re3 Rxe3 47. Nxe3) 45... Rxe3 $11 46. Nxe3 {[%emt 0:00:03][%mdl 4096] Endgame KRN-KRN} Na5 47. Rc5 Ra4 48. Kg3 Ra2 (48... Ra1 $1 $11) 49. Nd1 $16 Ra1 {[%emt 0:00:26] [#] Strongly threatening ...Nb7.} 50. Nf2 (50. Nc3 $1 $16) 50... Kg6 51. Ne4 Ra2 52. Nf2 $2 {[%emt 0:00:35][%mdl 8192] [#]} (52. Kh2 $11 {and White stays safe.}) 52... Rxb2 $1 $19 53. Rxa5 (53. Rc1 Rc2) 53... Ra2 {[%emt 0:00:19] What a bad dream for White.  Weighted Error Value: White=0.50/Black=0.21 (precise)} 0-1

[Event "Leca Open 2022"]
[Site "Leca da Palmeira"]
[Date "2022.08.03"]
[Round "6.4"]
[White "Rego, Pedro Filipe"]
[Black "Motylev, Alexander"]
[Result "0-1"]
[ECO "D45"]
[WhiteElo "2251"]
[BlackElo "2632"]
[Annotator "TA"]
[PlyCount "46"]
[EventDate "2022.08.02"]
[EventType "swiss"]
[EventCountry "POR"]
[SourceTitle "playchess.com"]
[Source "ChessBase"]
[SourceQuality "1"]
[TimeControl "5400+30"]

1. d4 d5 2. c4 e6 3. Nf3 Nf6 4. Nc3 c6 5. e3 Nbd7 6. Qb3 Bd6 {D45: Semi-Slav: 5 e3.} 7. Be2 O-O 8. O-O Qe7 $5 {[%mdl 4] The position is equal. Leaves trodden paths.} 9. Rd1 dxc4 10. Qxc4 e5 11. dxe5 Nxe5 12. Nxe5 Bxe5 13. Bd2 {[#]} Re8 $146 ({Predecessor:} 13... Be6 14. Qh4 Nd5 15. Qxe7 Nxe7 16. Na4 b6 17. Bc3 Bxc3 18. Nxc3 Rfd8 19. f3 Nd5 20. Nxd5 Rxd5 21. Rxd5 Bxd5 {½-½ (26) Boleslavsky,I-Platonov,I Kiev 1958}) 14. Qh4 Bf5 15. Rac1 h6 16. Be1 b5 17. Bf3 Rac8 18. Ne2 c5 {Inhibits Nd4.} 19. Bc3 Red8 20. g4 (20. Bxe5 $11 Qxe5 21. Qf4 Qxf4 22. Nxf4) 20... Bd3 $17 {Black is more active.} 21. Nf4 {[#] aiming for Bxe5.} Bxc3 22. Rxc3 ({Better is} 22. Nxd3 $15 Ba5 23. Nf4) 22... Be4 $19 23. Bxe4 $2 (23. Qg3 Rxd1+ 24. Bxd1) 23... Rxd1+ {Weighted Error Value: White=0.70/Black=0.05 (flawless)} 0-1

[Event "Leca Open 2022"]
[Site "Leca da Palmeira"]
[Date "2022.08.03"]
[Round "6.5"]
[White "Perez Candelario, Manuel"]
[Black "Balaji, Aaravamudhan"]
[Result "1/2-1/2"]
[ECO "C78"]
[WhiteElo "2578"]
[BlackElo "2228"]
[Annotator "TA"]
[PlyCount "38"]
[EventDate "2022.08.02"]
[EventType "swiss"]
[EventCountry "POR"]
[SourceTitle "playchess.com"]
[Source "ChessBase"]
[SourceQuality "1"]
[TimeControl "5400+30"]

1. e4 e5 2. Nf3 Nc6 3. Bb5 a6 4. Ba4 Nf6 5. O-O b5 6. Bb3 Bc5 7. a4 Rb8 8. c3 d6 9. d4 Bb6 10. a5 {[%emt 0:00:43] C78: Ruy Lopez: Archangelsk and Möller Defences.} Ba7 (10... Nxa5 11. Rxa5 Bxa5 12. dxe5) (10... Bxa5 $2 11. Bd5 (11. d5 Ne7 $18) 11... Nxd5 12. exd5 $18) 11. Be3 Bg4 12. Nbd2 {[%emt 0:01:21] The position is equal.} exd4 13. cxd4 {[%emt 0:00:07] Hoping for Qc1.} O-O $1 14. h3 Bh5 ({Don't play} 14... Bxf3 15. Nxf3 d5 16. e5 $16) 15. Re1 Bxd4 {[%emt 0:07:22] [#]} 16. Nxd4 Nxd4 {[%emt 0:21:43] [#]} 17. f3 $146 ({Predecessor:} 17. g4 Nxb3 18. Qxb3 Bg6 19. Bg5 h6 20. Bh4 Bh7 21. f4 g5 22. fxg5 Nd7 23. Nf3 {½-½ (55) Esipenko,A (2720)-Shirov,A (2659) Riga 2021}) 17... Nxb3 18. Nxb3 Nxe4 19. g4 {[%emt 0:11:33] [#]} ({White should play} 19. Nd4 $1 $11) 19... Qh4 $1 {[%emt 0:01:38] Weighted Error Value: White=0.16 (very precise) /Black=0.03 (flawless)} 1/2-1/2

[Event "Leca Open 2022"]
[Site "Leca da Palmeira"]
[Date "2022.08.03"]
[Round "6.6"]
[White "Sismeiro, Miguel"]
[Black "Spraggett, Kevin"]
[Result "1/2-1/2"]
[ECO "B30"]
[WhiteElo "2162"]
[BlackElo "2487"]
[Annotator "TA"]
[PlyCount "66"]
[EventDate "2022.08.02"]
[EventType "swiss"]
[EventCountry "POR"]
[SourceTitle "playchess.com"]
[Source "ChessBase"]
[SourceQuality "1"]
[TimeControl "5400+30"]

1. e4 c5 2. Nf3 Nc6 3. Bb5 e6 4. O-O Nge7 5. Re1 Ng6 6. c3 Be7 {B30: Sicilian: 2...Nc6 3 Bb5, lines without ...g6.} (6... d5 {with more complications.} 7. exd5 Qxd5 8. d4 cxd4 9. Nxd4 Bd7) 7. d4 cxd4 8. cxd4 d5 {White has an edge.} 9. e5 {[#]} f6 $146 ({Predecessor:} 9... O-O 10. g3 Bd7 11. Nc3 Re8 12. h4 Nf8 13. Be3 Na5 14. Bd3 Rc8 15. Qe2 Nc4 {1-0 (44) Muzychuk,A (2537)-Mikhaylova,I (2288) Moscow 2019}) 10. h4 (10. exf6 $14 Bxf6 11. b3) 10... f5 (10... fxe5 $1 $11 {keeps the balance.} 11. h5 (11. Nxe5 Ngxe5 12. Rxe5 Bd6 $15) 11... e4 12. hxg6 exf3) 11. h5 $16 Nf8 12. Be3 {White is more active.} (12. Nc3 $16) 12... g5 $1 $14 13. hxg6 (13. g4 $14) 13... hxg6 $11 14. Qc1 Bd7 15. Nc3 Rc8 16. Qd2 $36 {[%mdl 2048] White has good play.} a6 17. Bd3 (17. Bxc6 $5 bxc6 18. g3 $14) 17... Nh7 18. g4 Kf7 19. g5 ({Resist} 19. Bh6 Qb6 $14) 19... Kg7 20. Kg2 Qa5 21. a3 Nd8 22. Rh1 Nf7 23. Rh3 Rcg8 24. Rah1 Qd8 25. Rg3 Nf8 26. Rxh8 Rxh8 27. Ng1 {[#]} (27. Qc1 $11) 27... b5 ({Better is} 27... Nxe5 $1 $17 28. dxe5 d4 29. Bxd4 Bc6+ 30. Be4 fxe4) 28. f4 Qb6 29. Rh3 Rxh3 30. Kxh3 a5 31. Qc2 {White is slightly better.} Bc6 32. Nf3 Nd7 33. a4 b4 {Weighted Error Value: White=0.23 (precise) /Black=0.21 (precise)} 1/2-1/2